[Event "Austrian Championship Boys-U12 2024"]
[Site "Fuerstenfeld"]
[Date "2024.06.01"]
[Round "5.1"]
[White "Radnaev, Leo"]
[Black "Pleimer, Noah"]
[Result "1/2-1/2"]
[ECO "B21"]
[WhiteElo "1879"]
[BlackElo "1836"]
[Annotator "NA RC"]
[PlyCount "107"]
[EventDate "2024.05.28"]
[EventType "swiss"]
[EventCountry "AUT"]
[SourceTitle "playchess.com"]
[Source "ChessBase"]
[SourceQuality "1"]
[TimeControl "5400+30"]

1. e4 c5 2. Be2 e6 3. f4 d5 4. d3 Nc6 5. Nf3 Be7 6. O-O {[%emt 0:00:00] B21: Sicilian: 2 f4 and Morra Gambit.} b6 7. e5 h5 8. c3 Nh6 9. Na3 Nf5 10. Nc2 Bd7 (10... d4 $15) 11. Ne3 Nxe3 12. Bxe3 h4 13. Bf2 Qc7 14. d4 c4 (14... a5 $142) 15. Qe1 Qd8 16. Nd2 Qc7 17. Nf3 Qd8 18. Bd1 b5 19. Bc2 a5 20. h3 b4 21. Be3 g6 22. Ng5 Bxg5 (22... a4 $11 {keeps the balance.}) 23. fxg5 Qe7 (23... Ne7 $16) 24. Rf6 Rh7 25. Qf2 O-O-O 26. Rf1 Be8 27. Ba4 Kc7 (27... Bd7 {was called for.} 28. Bxc6 (28. Rxf7 Qxf7 29. Qxf7 Rxf7 $18) 28... Bxc6 29. Rxf7 Qxf7 30. Qxf7 Rxf7 31. Rxf7 Ba4) 28. Bd2 Rb8 29. Qe1 Rb7 30. R1f4 Rh5 31. Qf2 Rh7 32. Rxh4 Rxh4 33. Qxh4 Nd8 34. Bxe8 Qxe8 35. Qe1 Qa4 36. Qb1 Kb8 37. h4 Nc6 38. g4 Nxd4 39. cxd4 c3 40. b3 Qb5 41. Rf2 cxd2 42. Rxd2 Rc7 43. Qf1 Qe8 44. Qa6 Qd8 45. Rf2 $18 (45. Qxa5 {leads to mate.} Rc1+ 46. Kh2 Qxa5 47. h5 Qa6 (47... gxh5 $2 48. gxh5 Qd8 49. Rg2 $19) 48. Rf2 Qd3 (48... gxh5 $2 49. g6 $19) 49. hxg6 Qe4 (49... Qxd4 {gets mated.} 50. Kg3 Rg1+ 51. Rg2 Qxe5+ 52. Kf3 Qe4+ 53. Kf2 Rxg2+ 54. Kf1 Qe2#) (49... Qxg6 50. Re2 Qh7+ 51. Kg2 Qh1+ 52. Kg3 Rc3+ 53. Re3 Qg1+ 54. Kh3 Rxe3+ 55. Kh4 Qh2#) 50. Rf6 Rc2+ (50... Qxd4 {is a self mate.} 51. Rxf7 Qg1+ 52. Kh3 Rc3+ 53. Rf3 Rxf3+ 54. Kh4 Qh2#)) 45... Qh8 46. Qb6+ Kc8 47. Qa6+ Kb8 48. Qb5+ Kc8 49. Qa6+ Kb8 50. h5 gxh5 51. Qd6 Qh7 52. Qb6+ Kc8 53. Qa6+ Kb8 54. Qb5+ 1/2-1/2

[Event "Austrian Championship Boys-U12 2024"]
[Site "Fuerstenfeld"]
[Date "2024.06.01"]
[Round "5.2"]
[White "Chen, Chicheng Leon"]
[Black "Keller, Niklas"]
[Result "1/2-1/2"]
[ECO "B12"]
[WhiteElo "1827"]
[BlackElo "1710"]
[Annotator "NA RC"]
[PlyCount "80"]
[EventDate "2024.05.28"]
[EventType "swiss"]
[EventCountry "AUT"]
[SourceTitle "playchess.com"]
[Source "ChessBase"]
[SourceQuality "1"]
[TimeControl "5400+30"]

1. e4 c6 2. d4 d5 3. e5 Bf5 4. h4 h5 5. Bd3 Bxd3 6. Qxd3 {[%emt 0:00:05] B12: Caro-Kann: Advance Variation.} Qa5+ 7. Nd2 e6 8. Ngf3 Nh6 {[%emt 0:00:15] 8...Nh6 scores better than 8...Qa6.} 9. O-O Nf5 10. Nb3 Qa6 11. Qd1 b6 12. Bg5 c5 13. c3 Nc6 14. Re1 Rc8 15. Qd2 $146 ({Predecessor:} 15. Re2 Qa4 16. Rc2 Be7 17. g3 Bxg5 18. Nxg5 Nce7 19. dxc5 bxc5 20. c4 dxc4 21. Nd2 {1-0 Shirov,A (2668)-Sivuk,V (2459) Riga Tech Rapid op 2023 (7)}) 15... Be7 16. Bxe7 Ncxe7 17. Qg5 Qb7 18. a4 Ng6 19. g3 Qe7 20. a5 Qxg5 21. Nxg5 c4 22. Nd2 b5 23. a6 Ke7 24. Ra5 Rb8 25. Nb1 Rb6 26. Na3 Rhb8 27. Nc2 f6 28. Nf3 Kd7 29. Re2 Nge7 30. Nb4 Nc6 31. Nxc6 Rxc6 32. exf6 gxf6 33. Nd2 Rcb6 34. b4 Ng7 35. Nb1 Ne8 36. Rea2 Nc7 37. Na3 Rc6 ({Reject} 37... Nxa6 $6 38. Nc2 Nc7 39. Rxa7 $14) ({But not} 37... Rxa6 $6 38. Rxa6 (38. Nxc4 Rc6 $11) 38... Nxa6 39. Nxc4 $16) (37... e5 $15 38. Rd2 e4 (38... Nxa6 $2 39. dxe5 Nc7 40. Rxa7 $18)) 38. f4 f5 39. Kf2 Rbb6 40. Ke3 Rd6 $15 ({Much weaker is} 40... Nxa6 $6 41. Nxb5 (41. Rxb5 Nc7 $15) 41... Nc7 42. Nxc7 (42. Nxa7 Rd6 $11) 42... Rxc7 43. Rxa7 $14) 1/2-1/2

[Event "Austrian Championship Boys-U12 2024"]
[Site "Fuerstenfeld"]
[Date "2024.06.01"]
[Round "5.3"]
[White "Feiertag, Niklas"]
[Black "Aboulenein-Djamshidian, Aryan"]
[Result "1-0"]
[ECO "D36"]
[WhiteElo "1577"]
[BlackElo "1625"]
[Annotator "NA RC"]
[PlyCount "121"]
[EventDate "2024.05.28"]
[EventType "swiss"]
[EventCountry "AUT"]
[SourceTitle "playchess.com"]
[Source "ChessBase"]
[SourceQuality "1"]
[TimeControl "5400+30"]

1. d4 e6 2. c4 d5 3. Nc3 Nf6 4. cxd5 exd5 5. Bg5 Nbd7 6. e3 c6 7. Bd3 Bd6 8. Nge2 O-O 9. Qc2 Qc7 10. h3 b5 11. O-O a5 12. Rfc1 Qb6 13. a3 Bb7 14. Rab1 h6 15. Bf4 Bxf4 16. Nxf4 Ne8 17. Nfe2 Nd6 18. Rd1 Nf6 19. Nc1 Rfe8 20. Nb3 Bc8 21. Nc5 Nb7 22. Ne2 Nxc5 23. dxc5 Qc7 24. Nd4 Bd7 25. Bf5 Bxf5 26. Nxf5 Rad8 27. Qc3 Re5 28. Nd4 Ne4 29. Qc2 Rc8 30. b4 a4 31. Qb2 Qe7 32. Rd3 Rh5 33. Qe2 Qg5 34. Qg4 Qxg4 35. hxg4 Re5 36. f3 Nf6 37. Kf2 g5 38. Rh1 Kh7 39. Nf5 Ng8 40. Rh5 Rc7 41. Rd1 Re6 42. Rdh1 Rg6 43. g3 Rc8 44. f4 f6 45. Kf3 Re8 46. Rd1 Ne7 47. Nd6 Rd8 48. Rdh1 Ng8 49. Nf5 Rd7 50. Rd1 Ne7 51. Nd4 gxf4 52. gxf4 Kg7 53. Rdh1 Kf7 54. f5 Rg7 55. Rxh6 Ng8 56. Rh7 Rxh7 57. Rxh7+ Ke8 58. Rh8 Kf7 59. Nxc6 Kg7 60. Rh2 Rc7 61. Nd4 1-0

[Event "Austrian Championship Boys-U12 2024"]
[Site "Fuerstenfeld"]
[Date "2024.06.01"]
[Round "5.4"]
[White "Perfler, Daniel"]
[Black "Schernthaner, Tim"]
[Result "0-1"]
[ECO "B43"]
[WhiteElo "1623"]
[BlackElo "1538"]
[Annotator "NA RC"]
[PlyCount "94"]
[EventDate "2024.05.28"]
[EventType "swiss"]
[EventCountry "AUT"]
[SourceTitle "playchess.com"]
[Source "ChessBase"]
[SourceQuality "1"]
[TimeControl "5400+30"]

1. e4 c5 2. Nf3 e6 3. d4 cxd4 4. Nxd4 a6 5. Nc3 Qc7 6. Bd3 Bd6 7. Be3 Nf6 8. g3 Nc6 9. f4 e5 10. Nde2 Ng4 11. Bd2 Qb6 12. Nd4 Nxd4 13. Na4 Nxc2+ 14. Qxc2 Qf2+ 15. Kd1 Qf3+ 16. Kc1 Qxh1+ 17. Qd1 Qxd1+ 18. Kxd1 Nf2+ 19. Ke2 Nxd3 20. Kxd3 b5 21. Nb6 Rb8 22. Rc1 Bb7 23. f5 Ke7 24. Ba5 Bc6 25. g4 g6 26. Rc2 gxf5 27. gxf5 Rhg8 28. Rd2 Rg4 29. Re2 Bc5 30. Nd5+ Bxd5 31. exd5 Rd4+ 32. Kc3 b4+ 33. Kb3 Rb5 34. Bc7 d6 35. Rg2 Rxd5 36. Rg7 e4 37. Rg5 Bf2 38. Rg4 e3 39. Re4+ Re5 40. Rd4 Rbd5 41. Rxb4 e2 42. Rb7 Rb5+ 43. Rxb5 Rxb5+ 44. Ka3 e1=Q 45. b3 Be3 46. Ba5 Bc1+ 47. Ka4 Qxa5# 0-1

[Event "Austrian Championship Boys-U12 2024"]
[Site "Fuerstenfeld"]
[Date "2024.06.01"]
[Round "5.5"]
[White "Seikmann, Jim"]
[Black "Schinwald, Florian"]
[Result "1-0"]
[ECO "A20"]
[WhiteElo "1612"]
[BlackElo "1521"]
[Annotator "NA RC"]
[PlyCount "91"]
[EventDate "2024.05.28"]
[EventType "swiss"]
[EventCountry "AUT"]
[SourceTitle "playchess.com"]
[Source "ChessBase"]
[SourceQuality "1"]
[TimeControl "5400+30"]

1. c4 e5 2. g3 c6 3. d4 e4 4. a3 a5 5. Nc3 d5 6. cxd5 cxd5 7. Qb3 Nc6 8. e3 Nf6 9. Nge2 Rb8 10. Nf4 Ne7 11. Bb5+ Bd7 12. Qa4 Bc6 13. O-O g5 14. Nfe2 h5 15. f4 g4 16. Kg2 Qd6 17. Qxa5 Nd7 18. Qa4 f5 19. Qb3 Qh6 20. Bd2 Bg7 21. Rac1 Kf7 22. Rh1 Rh7 23. Na4 Rbh8 24. Bxc6 bxc6 25. Qb7 Nf8 26. Bb4 Nfg6 27. Rxc6 Bf6 28. Qd7 Nf8 29. Qb7 Kg8 30. Bxe7 Rxe7 31. Qxe7 Bxe7 32. Rxh6 Rxh6 33. Rc1 Ra6 34. Nc5 Rb6 35. b4 Kf7 36. Nc3 Rd6 37. a4 Ne6 38. Ra1 Nxc5 39. dxc5 Rd8 40. a5 Ke6 41. Nb5 Kd7 42. Nd4 Rb8 43. c6+ Kc7 44. b5 Bf6 45. b6+ Kc8 46. Rb1 1-0

[Event "Austrian Championship Boys-U12 2024"]
[Site "Fuerstenfeld"]
[Date "2024.06.01"]
[Round "5.6"]
[White "Wu, Lucas"]
[Black "Rella, Mario"]
[Result "0-1"]
[ECO "C41"]
[WhiteElo "1453"]
[BlackElo "1582"]
[Annotator "NA RC"]
[PlyCount "72"]
[EventDate "2024.05.28"]
[EventType "swiss"]
[EventCountry "AUT"]
[SourceTitle "playchess.com"]
[Source "ChessBase"]
[SourceQuality "1"]
[TimeControl "5400+30"]

1. e4 e5 2. Nf3 d6 3. Bc4 Nf6 4. Nc3 Be7 5. O-O O-O 6. d4 exd4 7. Nxd4 c5 8. Nf3 Bg4 9. h3 Bh5 10. Bf4 Nc6 11. Qe2 Nd4 12. Qe3 Nxc2 13. Qd3 Nxa1 14. Rxa1 a6 15. Nd5 b5 16. Nxf6+ Bxf6 17. Bd5 Rc8 18. Bb7 Rc7 19. Bxa6 b4 20. Rd1 Bd4 21. g4 Bg6 22. Nxd4 cxd4 23. Qxd4 Rc6 24. Bb5 Rc5 25. Ba4 Ra5 26. Qxb4 Qa8 27. Bc6 Qxc6 28. Qxa5 Qxe4 29. Bxd6 Qf3 30. Qe1 Be4 31. Kf1 Qxh3+ 32. Ke2 Qf3+ 33. Kf1 Re8 34. Be7 Bd3+ 35. Rxd3 Qxd3+ 36. Kg1 Qd7 0-1

[Event "Austrian Championship Boys-U12 2024"]
[Site "Fuerstenfeld"]
[Date "2024.06.01"]
[Round "5.7"]
[White "Slavskyi, Maksym"]
[Black "Koch, Paul"]
[Result "1-0"]
[ECO "D37"]
[WhiteElo "1660"]
[BlackElo "1659"]
[Annotator "NA RC"]
[PlyCount "69"]
[EventDate "2024.05.28"]
[EventType "swiss"]
[EventCountry "AUT"]
[SourceTitle "playchess.com"]
[Source "ChessBase"]
[SourceQuality "1"]
[TimeControl "5400+30"]

1. d4 d5 2. c4 e6 3. Nc3 Nf6 4. Nf3 Be7 5. e3 O-O 6. Bd3 Nbd7 7. O-O a6 8. a4 c5 9. Bc2 b6 10. cxd5 exd5 11. Bb3 Bb7 12. Re1 Re8 13. Ne5 c4 14. Bc2 Qc7 15. f4 Rad8 16. Rf1 Bd6 17. Rf3 Qc8 18. Ne2 Ne4 19. Nc3 f6 20. Ng4 Nxc3 21. bxc3 Nf8 22. Rg3 Kh8 23. h4 Qd7 24. h5 h6 25. Rb1 b5 26. axb5 axb5 27. Rxb5 Qxb5 28. Nxh6 Qd7 29. Nf5 Qf7 30. Rxg7 Qxg7 31. Nxg7 Kxg7 32. Qg4+ Kf7 33. h6 Nd7 34. Qg7+ Ke6 35. f5# 1-0

[Event "Austrian Championship Boys-U12 2024"]
[Site "Fuerstenfeld"]
[Date "2024.06.01"]
[Round "6.1"]
[White "Pleimer, Noah"]
[Black "Feiertag, Niklas"]
[Result "1/2-1/2"]
[ECO "B31"]
[WhiteElo "1836"]
[BlackElo "1577"]
[Annotator "NA RC"]
[PlyCount "66"]
[EventDate "2024.05.28"]
[EventType "swiss"]
[EventCountry "AUT"]
[SourceTitle "playchess.com"]
[Source "ChessBase"]
[SourceQuality "1"]
[TimeControl "5400+30"]

1. e4 c5 2. Nf3 Nc6 3. Bb5 e6 4. O-O Nge7 5. Re1 g6 6. c3 Bg7 7. d4 cxd4 8. cxd4 Qb6 9. Bxc6 bxc6 10. Nc3 O-O 11. Qc2 d5 12. Bf4 dxe4 13. Nxe4 Nf5 14. Rad1 Rd8 15. Bg5 Nxd4 16. Nxd4 Rxd4 17. Nf6+ Kh8 18. Rxd4 Qxd4 19. Rd1 Qb6 20. Qb3 Ba6 21. Qh3 h5 22. Qf3 Qxb2 23. Qxc6 Bb7 24. Qd7 Bxf6 25. Bxf6+ Qxf6 26. Qxb7 Rd8 27. Rxd8+ Qxd8 28. h3 Qb6 29. Qxf7 Qb1+ 30. Kh2 Qxa2 31. Qf8+ Kh7 32. Qf7+ Kh6 33. Qf8+ Kh7 1/2-1/2

[Event "Austrian Championship Boys-U12 2024"]
[Site "Fuerstenfeld"]
[Date "2024.06.01"]
[Round "6.2"]
[White "Schernthaner, Tim"]
[Black "Chen, Chicheng Leon"]
[Result "0-1"]
[ECO "B80"]
[WhiteElo "1538"]
[BlackElo "1827"]
[Annotator "NA RC"]
[PlyCount "56"]
[EventDate "2024.05.28"]
[EventType "swiss"]
[EventCountry "AUT"]
[SourceTitle "playchess.com"]
[Source "ChessBase"]
[SourceQuality "1"]
[TimeControl "5400+30"]

1. e4 c5 2. Nf3 e6 3. d4 cxd4 4. Nxd4 Nf6 5. Nc3 d6 6. Be3 Be7 7. Bd3 a6 8. Qd2 Qc7 9. f3 h5 10. Rg1 b5 11. g4 hxg4 12. fxg4 Bb7 13. g5 b4 14. Na4 Nxe4 15. Qxb4 Nd7 16. Nf3 d5 17. Qb3 Rb8 18. Ba7 Ra8 19. Bd4 e5 20. Bxe4 dxe4 21. Bxe5 Nxe5 22. Nxe5 Bd6 23. Nc4 Bxh2 24. Rg2 Bf4 25. Ke2 e3 26. Nab6 Bxg2 27. Nxa8 Bxa8 28. Qa4+ Qc6 0-1

[Event "Austrian Championship Boys-U12 2024"]
[Site "Fuerstenfeld"]
[Date "2024.06.01"]
[Round "6.3"]
[White "Keller, Niklas"]
[Black "Radnaev, Leo"]
[Result "0-1"]
[ECO "E97"]
[WhiteElo "1710"]
[BlackElo "1879"]
[Annotator "NA RC"]
[PlyCount "76"]
[EventDate "2024.05.28"]
[EventType "swiss"]
[EventCountry "AUT"]
[SourceTitle "playchess.com"]
[Source "ChessBase"]
[SourceQuality "1"]
[TimeControl "5400+30"]

1. d4 Nf6 2. c4 g6 3. Nc3 Bg7 4. e4 d6 5. Be2 O-O 6. Nf3 e5 7. O-O Nc6 8. d5 Ne7 9. h3 a5 10. Be3 Nd7 11. a3 h6 12. Qd2 Kh7 13. Qc2 f5 14. b4 f4 15. Bd2 g5 16. Nh2 Kg6 17. g4 fxg3 18. fxg3 Nf6 19. Kg2 axb4 20. axb4 Rxa1 21. Rxa1 Kh7 22. Rf1 Ng6 23. Qd1 Kh8 24. Ng4 Qd7 25. Rh1 Qf7 26. Rf1 Qd7 27. Rh1 Qe7 28. Nxf6 Bxf6 29. Bg4 b6 30. Bxc8 Rxc8 31. Qg4 Ra8 32. h4 Kg7 33. hxg5 Bxg5 34. Bxg5 hxg5 35. Rh5 Ra3 36. Rxg5 Qf6 37. Nb5 Ra2+ 38. Kh3 Qf1# 0-1

[Event "Austrian Championship Boys-U12 2024"]
[Site "Fuerstenfeld"]
[Date "2024.06.01"]
[Round "6.4"]
[White "Rella, Mario"]
[Black "Seikmann, Jim"]
[Result "0-1"]
[ECO "A80"]
[WhiteElo "1582"]
[BlackElo "1612"]
[Annotator "NA RC"]
[PlyCount "28"]
[EventDate "2024.05.28"]
[EventType "swiss"]
[EventCountry "AUT"]
[SourceTitle "playchess.com"]
[Source "ChessBase"]
[SourceQuality "1"]
[TimeControl "5400+30"]

1. d4 f5 2. Bg5 h6 3. Bh4 c5 4. e3 Qb6 5. Nc3 cxd4 6. exd4 Qe6+ 7. Be2 g5 8. Nb5 Qb6 9. Nf3 a6 10. Nc3 Nf6 11. Bxg5 hxg5 12. Nxg5 Rg8 13. Nf3 Qxb2 14. Na4 Qb4+ 0-1

[Event "Austrian Championship Boys-U12 2024"]
[Site "Fuerstenfeld"]
[Date "2024.06.01"]
[Round "6.5"]
[White "Schinwald, Florian"]
[Black "Slavskyi, Maksym"]
[Result "1-0"]
[ECO "C42"]
[WhiteElo "1521"]
[BlackElo "1660"]
[Annotator "NA RC"]
[PlyCount "57"]
[EventDate "2024.05.28"]
[EventType "swiss"]
[EventCountry "AUT"]
[SourceTitle "playchess.com"]
[Source "ChessBase"]
[SourceQuality "1"]
[TimeControl "5400+30"]

1. e4 e5 2. Nf3 Nf6 3. Nxe5 d6 4. Nf3 Nxe4 5. Nc3 Nxc3 6. dxc3 Be7 7. Bf4 Bg4 8. h3 Bh5 9. g4 Bg6 10. Qd2 Qd7 11. Bc4 a6 12. Qe2 Qc6 13. Bd3 Nd7 14. O-O-O O-O-O 15. Nd4 Qa4 16. Qxe7 Rhe8 17. Qh4 c5 18. b3 Qa3+ 19. Kb1 cxd4 20. cxd4 Bxd3 21. Rxd3 Re2 22. Rc3+ Nc5 23. dxc5 Qb4 24. Rc4 Re1+ 25. Kb2 Qa5 26. cxd6+ Kd7 27. Rc7+ Ke8 28. Rxe1+ Qxe1 29. Re7+ 1-0

[Event "Austrian Championship Boys-U12 2024"]
[Site "Fuerstenfeld"]
[Date "2024.06.01"]
[Round "6.6"]
[White "Safonov, Lev"]
[Black "Atlas, Daniel"]
[Result "0-1"]
[ECO "C54"]
[WhiteElo "1473"]
[BlackElo "1629"]
[Annotator "NA RC"]
[PlyCount "68"]
[EventDate "2024.05.28"]
[EventType "swiss"]
[EventCountry "AUT"]
[SourceTitle "playchess.com"]
[Source "ChessBase"]
[SourceQuality "1"]
[TimeControl "5400+30"]

1. e4 e5 2. Bc4 Nf6 3. d3 Bc5 4. Nf3 Nc6 5. O-O O-O 6. Re1 d6 7. c3 a6 8. d4 Ba7 9. h3 Re8 10. dxe5 Nxe5 11. Bb3 Be6 12. Nd4 Bxb3 13. Qxb3 Nd3 14. Rd1 Nxe4 15. Qxb7 Qf6 16. Rxd3 Nc5 17. Qf3 Nxd3 18. Qxd3 Bxd4 19. cxd4 Re1+ 20. Kh2 Rxc1 21. Qe3 Qh6 22. f4 Rf1 23. g3 Qe6 24. Qxe6 fxe6 25. a4 Rb8 26. b3 Rxb3 27. Nd2 Rf2+ 28. Kg1 Rxd2 29. Re1 Rxg3+ 30. Kf1 Kf7 31. h4 Rgg2 32. Ra1 Rc2 33. Ke1 Rg4 34. f5 Rg1# 0-1

[Event "Austrian Championship Boys-U12 2024"]
[Site "Fuerstenfeld"]
[Date "2024.06.02"]
[Round "7.1"]
[White "Radnaev, Leo"]
[Black "Chen, Chicheng Leon"]
[Result "1/2-1/2"]
[ECO "B45"]
[WhiteElo "1879"]
[BlackElo "1827"]
[Annotator "NA RC"]
[PlyCount "134"]
[EventDate "2024.05.28"]
[EventType "swiss"]
[EventCountry "AUT"]
[SourceTitle "playchess.com"]
[Source "ChessBase"]
[SourceQuality "1"]
[TimeControl "5400+30"]

1. e4 c5 2. Nf3 e6 3. d4 cxd4 4. Nxd4 Nf6 5. Nc3 Nc6 6. Nxc6 bxc6 7. e5 Nd5 8. Ne4 Qc7 9. f4 Qb6 10. c4 Bb4+ 11. Ke2 f5 12. Nf2 Ba6 13. Kf3 Ne7 14. Be3 Bc5 15. Bxc5 Qxc5 16. Qd6 Qb6 17. Be2 Qxb2 18. Nd3 Qc3 19. Rhc1 Qa5 20. Nc5 Kf7 21. Nb3 Qb6 22. Rab1 Rhd8 23. a4 Nc8 24. Qa3 d6 25. a5 Qc7 26. exd6 Nxd6 27. Nc5 Bc8 28. Rd1 Ne4 29. Rxd8 Qxd8 30. Nxe4 fxe4+ 31. Kxe4 Qf6 32. Ke3 e5 33. Rf1 Bf5 34. Qc5 Re8 35. Kf2 exf4 36. Bf3 Bd3 37. Rd1 Qe6 38. Qxa7+ Kg8 39. Qd4 Bxc4 40. Qxf4 Rf8 41. Qd6 Qe2+ 42. Kg3 Qe3 43. Qd4 Qb3 44. Re1 Qb5 45. h4 Bf7 46. Kh2 Qxa5 47. Rc1 Bd5 48. Bxd5+ Qxd5 49. Qe3 h6 50. Rc5 Qd6+ 51. g3 Rb8 52. Qc3 Re8 53. Qc4+ Re6 54. Rf5 Kh7 55. Qc2 Rg6 56. Rf3 Qd5 57. Re3 c5 58. Rc3 Qe5 59. Qd3 Qh5 60. Rc4 Qe5 61. Kh3 Qe6+ 62. g4 h5 63. Kg2 Qc6+ 64. Kg3 Qd6+ 65. Qxd6 Rxd6 66. Rxc5 Rd3+ 67. Kf4 Rd4+ 1/2-1/2

[Event "Austrian Championship Boys-U12 2024"]
[Site "Fuerstenfeld"]
[Date "2024.06.02"]
[Round "7.2"]
[White "Seikmann, Jim"]
[Black "Pleimer, Noah"]
[Result "0-1"]
[ECO "A24"]
[WhiteElo "1612"]
[BlackElo "1836"]
[Annotator "NA RC"]
[PlyCount "112"]
[EventDate "2024.05.28"]
[EventType "swiss"]
[EventCountry "AUT"]
[SourceTitle "playchess.com"]
[Source "ChessBase"]
[SourceQuality "1"]
[TimeControl "5400+30"]

1. c4 e5 2. g3 Nf6 3. Bg2 g6 4. Nc3 Bg7 5. e3 O-O 6. Nge2 d6 7. O-O c6 8. b3 a5 9. Bb2 Qc7 10. d4 Na6 11. Re1 exd4 12. Nxd4 Nc5 13. Qd2 Re8 14. Bf3 Ng4 15. Rad1 Ne5 16. Be2 h5 17. Nf3 Nxf3+ 18. Bxf3 Be5 19. Ne2 Bf5 20. Nf4 Ne4 21. Bxe4 Bxe4 22. Ne2 Rad8 23. Nd4 c5 24. Nb5 Qe7 25. f4 Bxb2 26. Qxb2 d5 27. cxd5 Rxd5 28. Nc3 Rxd1 29. Rxd1 Bc6 30. Re1 Rd8 31. Kf2 Qe6 32. e4 h4 33. Qe2 Qh3 34. Kf3 Rd4 35. a3 f5 36. Qc2 b5 37. b4 hxg3 38. hxg3 c4 39. Re3 Qf1+ 40. Qf2 fxe4+ 41. Nxe4 Bxe4+ 42. Rxe4 Qxf2+ 43. Kxf2 Rxe4 44. Kf3 axb4 45. Kxe4 bxa3 46. f5 gxf5+ 47. Kxf5 a2 48. g4 a1=Q 49. g5 c3 50. g6 c2 51. g7 c1=Q 52. Ke4 Qc4+ 53. Kf5 Qad4 54. Kg5 Qf4+ 55. Kh5 Qd5+ 56. Kg6 Qdf7# 0-1

[Event "Austrian Championship Boys-U12 2024"]
[Site "Fuerstenfeld"]
[Date "2024.06.02"]
[Round "7.3"]
[White "Feiertag, Niklas"]
[Black "Schernthaner, Tim"]
[Result "1-0"]
[ECO "E32"]
[WhiteElo "1577"]
[BlackElo "1538"]
[Annotator "NA RC"]
[PlyCount "83"]
[EventDate "2024.05.28"]
[EventType "swiss"]
[EventCountry "AUT"]
[SourceTitle "playchess.com"]
[Source "ChessBase"]
[SourceQuality "1"]
[TimeControl "5400+30"]

1. d4 Nf6 2. c4 e6 3. Nc3 Bb4 4. Qc2 O-O 5. a3 Bxc3+ 6. Qxc3 b6 7. Bg5 Bb7 8. e3 d5 9. cxd5 Bxd5 10. f3 h6 11. Bh4 Bb7 12. Bd3 Nbd7 13. e4 Qc8 14. b4 Re8 15. Ne2 a6 16. O-O c6 17. a4 Qc7 18. Rac1 Rac8 19. b5 axb5 20. axb5 c5 21. dxc5 bxc5 22. Bf2 Nb6 23. Qxc5 Qxc5 24. Rxc5 Rxc5 25. Bxc5 Nfd7 26. Bxb6 Nxb6 27. Rc1 Rc8 28. Rxc8+ Bxc8 29. Nd4 Bd7 30. Kf2 Kf8 31. Nc6 Ke8 32. Ke3 Bxc6 33. bxc6 e5 34. Bb5 Kd8 35. Kd3 Kc7 36. Kc3 g6 37. Kb4 f5 38. Kc5 f4 39. h4 g5 40. hxg5 hxg5 41. Ba6 Na8 42. Kd5 1-0

[Event "Austrian Championship Boys-U12 2024"]
[Site "Fuerstenfeld"]
[Date "2024.06.02"]
[Round "7.5"]
[White "Atlas, Daniel"]
[Black "Rella, Mario"]
[Result "0-1"]
[ECO "B13"]
[WhiteElo "1629"]
[BlackElo "1582"]
[Annotator "NA RC"]
[PlyCount "118"]
[EventDate "2024.05.28"]
[EventType "swiss"]
[EventCountry "AUT"]
[SourceTitle "playchess.com"]
[Source "ChessBase"]
[SourceQuality "1"]
[TimeControl "5400+30"]

1. e4 d5 2. exd5 c6 3. Nc3 cxd5 4. d4 Bf5 5. Bb5+ Nc6 6. Nf3 a6 7. Ba4 b5 8. Bb3 e6 9. O-O h6 10. Re1 Be7 11. Bf4 Nf6 12. Ne2 O-O 13. c3 Be4 14. Ng3 Bg6 15. Qd2 b4 16. Rac1 bxc3 17. Qxc3 Nb4 18. Ne5 Ne4 19. Qe3 Bh7 20. a3 f6 21. Ng4 Nxg3 22. Qxe6+ Rf7 23. axb4 Bf5 24. Bc7 Bxe6 25. Bxd8 Bxg4 26. Bxe7 Ne2+ 27. Rxe2 Bxe2 28. Bxd5 Re8 29. Bxf7+ Kxf7 30. Bc5 Bc4 31. f3 Bd5 32. Kf2 Rc8 33. Ra1 Bc4 34. Re1 Re8 35. Rxe8 Kxe8 36. Ke3 f5 37. Kf4 g6 38. Ke5 Kf7 39. d5 Bb5 40. Kd6 g5 41. Kc7 h5 42. d6 Ke6 43. h3 g4 44. Bf2 gxh3 45. gxh3 Ba4 46. b3 Bb5 47. Bg3 Bd7 48. Kb6 Bb5 49. Kc5 Be2 50. b5 Bxb5 51. Kd4 Be2 52. Ke3 Bf1 53. Kf4 Bxh3 54. Kg5 Bg2 55. Kxh5 Bxf3+ 56. Kg5 Bd5 57. b4 Be4 58. Kg6 f4+ 59. Kg7 fxg3 0-1

[Event "Austrian Championship Boys-U12 2024"]
[Site "Fuerstenfeld"]
[Date "2024.06.02"]
[Round "7.6"]
[White "Perfler, Daniel"]
[Black "Keller, Niklas"]
[Result "1/2-1/2"]
[ECO "B15"]
[WhiteElo "1623"]
[BlackElo "1710"]
[Annotator "NA RC"]
[PlyCount "60"]
[EventDate "2024.05.28"]
[EventType "swiss"]
[EventCountry "AUT"]
[SourceTitle "playchess.com"]
[Source "ChessBase"]
[SourceQuality "1"]
[TimeControl "5400+30"]

1. e4 c6 2. d4 d5 3. Nc3 dxe4 4. Nxe4 Nf6 5. Nxf6+ exf6 6. c3 Bd6 7. Bd3 O-O 8. Qc2 h6 9. Ne2 Qc7 10. h3 Be6 11. Be3 Nd7 12. Qd2 Rfe8 13. Bxh6 gxh6 14. Qxh6 f5 15. g4 Bf8 16. Qg5+ Bg7 17. gxf5 f6 18. Qg4 Bd5 19. Rg1 Nb6 20. h4 Qf7 21. O-O-O Kf8 22. Kc2 Bxa2 23. Nf4 Bb3+ 24. Kb1 Bxd1 25. Rxd1 Na4 26. Rg1 Nxc3+ 27. bxc3 Qb3+ 28. Kc1 Qxc3+ 29. Kd1 Qa1+ 30. Kc2 Qa2+ 1/2-1/2